Map: Fields of Death

Players

JohnMcClane

  • Race: Protoss Protoss
  • League: Gold

Hindulaatti

  • Race: Protoss Protoss
  • League: Diamond

DeathDealer

  • Race: Terran Terran
  • League: Diamond

Octophobia

  • Race: Zerg Zerg
  • League: Gold

VOD

Have the link to the VOD?

Description

Time

  • Played on: Feb. 8, 2016, 3:38 p.m.
  • Length: 13:45
Show
View Real Time Build Order
Export as new Build Order

JohnMcClane Protoss 

Build Orders:  

Get SALT Encoding   

  12  0:01  Probe (Chrono Boost)  
  13  0:12  Probe (Chrono Boost)  
  14  0:22  Probe (Chrono Boost)  
  14  0:25  Pylon  
  15  0:43  Probe (Chrono Boost)  
  15  0:45  Gateway  
  16  0:50  Assimilator  
  16  0:53  Probe (Chrono Boost)  
  18  1:04  Probe (Chrono Boost)  
  18  1:08  Assimilator  
  18  1:10  Pylon  
  18  1:15  Probe (Chrono Boost)  
  19  1:25  Probe (Chrono Boost)  
  20  1:34  Cybernetics Core  
  20  1:36  Probe (Chrono Boost)  
  21  1:46  Probe (Chrono Boost)  
  22  1:59  Probe (Chrono Boost)  
  23  2:15  Nexus  
  23  2:17  Pylon  
  23  2:19  Warp Gate (Chrono Boost)  
  22  2:30  Zealot  
  22  2:34  Mothership Core (Chrono Boost)  
  26  2:44  Forge  
  26  2:52  Probe (Chrono Boost)  
  26  2:56  Gateway  
  27  3:07  Probe (Chrono Boost)  
  28  3:13  Pylon  
  28  3:17  Probe (Chrono Boost)  
  29  3:21  Stargate  
  29  3:31  Photon Cannon  
  29  3:33  Probe (Chrono Boost)  
  30  3:38  Photon Cannon  
  30  3:45  Probe (Chrono Boost)  
  32  3:48  Probe (Chrono Boost)  
  32  3:56  Probe (Chrono Boost)  
  32  4:00  Probe (Chrono Boost)  
  34  4:04  Photon Cannon  
  34  4:07  Phoenix  
  34  4:09  Probe (Chrono Boost)  
  39  4:23  Probe x2 (Chrono Boost)  
  39  4:33  Nexus  
  39  4:40  Pylon  
  39  4:43  Probe x2 (Chrono Boost)  
  41  4:52  Probe (Chrono Boost)  
  41  4:53  Probe (Chrono Boost)  
  41  4:56  Pylon  
  41  4:59  Protoss Ground Weapons Level 1 (Chrono Boost)  
  43  5:04  Phoenix  
  45  5:10  Gateway  
  34  5:49  Probe  
  34  5:50  Probe  
  34  5:51  Probe  
  34  5:57  Phoenix  
  39  5:58  Stalker x2  
  39  6:00  Probe x2  
  39  6:03  Probe  
  46  6:08  Photon Cannon  
  46  6:10  Probe  
  46  6:11  Probe  
  46  6:15  Probe  
  49  6:20  Assimilator  
  49  6:21  Probe x2  
  51  6:27  Probe  
  51  6:31  Probe  
  50  6:33  Probe  
  50  6:39  Assimilator, Probe  
  53  6:42  Probe  
  53  6:43  Protoss Ground Armor Level 1 (Chrono Boost)  
  53  6:44  Probe  
  55  6:50  Phoenix  
  55  6:52  Probe  
  55  6:53  Probe  
  58  6:54  Probe  
  58  6:56  Gateway  
  58  6:58  Gateway  
  60  7:01  Assimilator  
  60  7:03  Probe  
  60  7:04  Probe  
  58  7:18  Stalker x3  
  62  7:45  Pylon  
  62  7:49  Stalker x2  
  62  7:50  Stalker  
  68  8:03  Pylon x2  
  68  8:10  Stalker  
  68  8:11  Stalker  
  72  8:13  Pylon  
  72  8:27  Stalker x3  
  66  8:39  Zealot x2  
  54  8:55  Zealot x2  
  49  9:07  Zealot x2  
  46  9:16  Pylon  
  46  9:19  Pylon  
  46  9:20  Pylon  
  46  9:23  Zealot x2  
  50  9:28  Void Ray (Chrono Boost)  
  50  9:32  Gateway x2  
  46  9:42  Probe x2  
  48  9:50  Stalker x3  
  53  10:08  Pylon  
  47  10:21  Nexus  
  47  10:22  Pylon  
  46  10:35  Protoss Shields Level 1  
  46  10:38  Stalker x3  
  49  10:52  Pylon  
  49  10:53  Stalker  
  49  10:54  Stalker  
  53  11:06  Void Ray (Chrono Boost)  
  53  11:11  Sentry x3  
  63  11:30  Nexus  
  63  11:31  Pylon  
  63  11:32  Stalker x2  
  67  11:33  Pylon  
  53  11:59  Twilight Council  
  53  12:05  Gateway x2  
  53  12:11  Assimilator  
  53  12:14  Photon Cannon  
  53  12:15  Gateway  
  53  12:17  Probe x2  
  53  12:18  Gateway  
  53  12:21  Pylon  
  55  12:29  Probe  
  56  12:31  Stalker x3  
  58  12:46  Zealot x2  
  36  13:05  Gateway  
  36  13:08  Zealot x2  
  38  13:27  Assimilator  
  33  13:33  Nexus  
Show
View Real Time Build Order
Export as new Build Order

Hindulaatti Protoss 

Build Orders:  

Get SALT Encoding   

  12  0:01  Probe (Chrono Boost)  
  13  0:12  Probe (Chrono Boost)  
  14  0:17  Pylon  
  14  0:22  Probe (Chrono Boost)  
  15  0:35  Probe (Chrono Boost)  
  16  0:38  Gateway  
  16  0:46  Probe (Chrono Boost)  
  16  0:49  Assimilator  
  17  0:56  Probe (Chrono Boost)  
  18  1:07  Probe (Chrono Boost)  
  18  1:10  Pylon  
  19  1:17  Probe (Chrono Boost)  
  20  1:25  Cybernetics Core  
  20  1:31  Probe (Chrono Boost)  
  21  1:35  Assimilator  
  21  1:41  Probe (Chrono Boost)  
  23  1:54  Probe (Chrono Boost)  
  23  2:02  Warp Gate (Chrono Boost)  
  23  2:05  Probe  
  24  2:10  Stalker  
  24  2:14  Pylon  
  26  2:17  Probe  
  27  2:23  Nexus  
  27  2:29  Probe  
  28  2:39  Robotics Facility  
  28  2:50  Adept  
  30  2:55  Probe  
  31  3:00  Pylon  
  31  3:07  Probe  
  32  3:13  Gateway  
  32  3:17  Adept  
  34  3:21  Probe  
  35  3:34  Immortal (Chrono Boost)  
  35  3:39  Probe (Chrono Boost)  
  35  3:40  Probe (Chrono Boost)  
  41  3:52  Probe (Chrono Boost)  
  41  3:53  Probe (Chrono Boost)  
  43  3:58  Sentry  
  43  4:02  Probe  
  45  4:05  Probe  
  45  4:09  Adept  
  49  4:12  Immortal (Chrono Boost)  
  49  4:13  Probe  
  54  4:17  Probe  
  54  4:22  Sentry  
  57  4:28  Robotics Bay  
  57  4:31  Probe x2, Gateway  
  59  4:46  Adept  
  59  4:48  Probe  
  59  4:51  Pylon  
  62  5:02  Pylon  
  62  5:08  Probe  
  62  5:09  Probe  
  62  5:10  Immortal (Chrono Boost)  
  62  5:12  Zealot  
  70  5:26  Pylon  
  70  5:38  Assimilator  
  70  5:40  Assimilator  
  70  5:42  Probe  
  70  5:43  Pylon  
  70  5:44  Warp Prism (Chrono Boost), Probe  
  74  5:51  Stalker x2  
  78  5:58  Pylon  
  78  6:00  Probe  
  78  6:01  Probe  
  78  6:03  Pylon, Stalker  
  82  6:10  Probe  
  82  6:13  Probe  
  84  6:29  Probe, Disruptor (Chrono Boost)  
  84  6:30  Extended Thermal Lance  
  84  6:31  Probe  
  89  6:44  Adept x3  
  95  6:50  Gateway  
  95  6:53  Gateway  
  95  6:55  Pylon  
  95  6:57  Gateway  
  95  6:59  Forge  
  95  7:00  Forge  
  95  7:03  Pylon  
  95  7:08  Adept x2  
  95  7:09  Adept  
  71  7:38  Disruptor (Chrono Boost)  
  71  7:41  Stalker x2  
  71  7:42  Stalker  
  76  7:52  Stalker x2  
  80  7:59  Zealot  
  82  8:09  Disruptor (Chrono Boost)  
  79  8:14  Zealot  
  79  8:15  Sentry x2  
  79  8:19  Zealot x2  
  89  8:20  Zealot  
  73  8:36  Stalker  
  73  8:39  Disruptor (Chrono Boost)  
  67  8:49  Zealot x4  
  67  8:50  Zealot  
  69  9:04  Zealot  
  65  9:12  Disruptor  
  65  9:15  Stalker x2  
  65  9:16  Stalker x3  
  58  9:57  Zealot x5  
  68  10:03  Cybernetics Core  
  68  10:04  Disruptor  
  68  10:05  Pylon  
  71  10:10  Probe x2  
  67  10:17  Zealot x4  
  67  10:18  Zealot  
  77  10:22  Probe  
  77  10:23  Probe  
  77  10:35  Probe x2  
  75  10:39  Zealot x5  
  85  10:43  Disruptor  
  88  11:04  Stalker x5  
  88  11:07  Probe x2  
  88  11:08  Protoss Ground Armor Level 1 (Chrono Boost), Protoss Ground Weapons Level 1 (Chrono Boost)  
  100  11:18  Pylon  
  100  11:20  Pylon  
  100  11:28  Stalker x4  
  108  11:43  Nexus  
  108  11:46  Pylon  
  108  11:47  Zealot  
  110  11:54  Pylon  
  110  11:57  Pylon  
  110  12:01  Disruptor  
  110  12:05  Adept x3  
  119  12:13  Photon Cannon  
  119  12:19  Stalker  
  121  12:33  Sentry x4  
  121  12:36  Disruptor  
  101  13:18  Stalker  
  101  13:19  Stalker x4  
  72  13:41  Stalker  
  72  13:42  Stalker  
Show
View Real Time Build Order
Export as new Build Order

DeathDealer Terran 

Build Orders: MMM Bio 

Get SALT Encoding   

  12  0:01  SCV  
  13  0:13  SCV  
  14  0:20  Supply Depot  
  14  0:25  SCV  
  15  0:41  SCV  
  16  0:43  Barracks  
  16  0:53  SCV  
  16  0:57  Refinery  
  17  1:05  SCV  
  18  1:17  SCV  
  19  1:30  Orbital Command, Marine  
  20  1:33  Supply Depot  
  20  1:57  SCV  
  22  2:08  Barracks Reactor  
  21  2:13  Command Center  
  21  2:20  Factory  
  21  2:30  SCV  
  21  2:34  Supply Depot  
  22  2:43  Marine  
  22  2:44  Marine  
  23  2:45  SCV  
  25  2:54  Barracks  
  25  3:01  Marine x2  
  25  3:04  Widow Mine  
  29  3:07  Starport  
  29  3:09  SCV  
  30  3:17  Supply Depot  
  30  3:21  Marine x2, SCV  
  30  3:24  Orbital Command  
  33  3:32  Widow Mine  
  33  3:33  SCV  
  36  3:43  Barracks Tech Lab  
  36  3:44  Marine x2  
  36  3:45  Engineering Bay, SCV  
  36  3:46  Marine  
  40  3:50  Medivac  
  40  3:51  SCV  
  40  3:54  Refinery  
  43  3:57  SCV  
  44  4:03  SCV  
  44  4:07  Barracks Tech Lab  
  44  4:09  SCV  
  46  4:13  Missile Turret  
  46  4:14  Missile Turret  
  46  4:15  SCV  
  47  4:17  Marine x2  
  47  4:20  Widow Mine  
  51  4:28  SCV  
  51  4:29  SCV  
  53  4:35  Marine  
  54  4:39  Stimpack  
  54  4:40  SCV  
  54  4:41  Supply Depot  
  54  4:43  SCV  
  56  4:46  Supply Depot  
  56  4:50  Supply Depot, Marine  
  57  4:53  SCV  
  57  4:55  SCV  
  57  4:56  Barracks  
  57  4:59  Refinery  
  59  5:01  Marine x2  
  59  5:04  Medivac  
  59  5:05  SCV  
  64  5:08  SCV  
  65  5:29  Marine, SCV x2  
  65  5:30  Marauder, Marine  
  71  5:40  Medivac, Missile Turret  
  71  5:41  SCV  
  71  5:42  SCV  
  69  5:47  Widow Mine, Marine  
  70  5:50  Barracks  
  70  5:51  Bunker  
  70  5:52  Marauder  
  70  5:53  Marine x2, SCV  
  70  5:54  SCV  
  76  5:58  Terran Infantry Weapons Level 1  
  76  6:05  Marine  
  76  6:06  Barracks  
  76  6:08  SCV x2  
  76  6:11  Marine x2  
  80  6:13  Marauder  
  83  6:20  SCV  
  83  6:23  Marine  
  83  6:25  Supply Depot, SCV  
  86  6:43  Supply Depot  
  86  6:45  Supply Depot  
  86  6:46  Medivac, Marine x2, SCV x2  
  86  6:47  Marauder, Missile Turret  
  94  6:48  Supply Depot  
  94  6:53  Barracks Reactor  
  94  6:54  Command Center, Barracks Tech Lab  
  94  6:55  Combat Shields  
  94  7:04  Widow Mine, Marine x2  
  94  7:08  Marauder  
  91  7:33  Marine x2  
  91  7:34  Marauder x2, Marine x2  
  91  7:35  SCV x2  
  92  7:39  Marine  
  93  7:45  Starport Reactor  
  93  7:46  Concussive Shells  
  93  7:47  SCV x2  
  95  7:51  Marine  
  95  7:53  Terran Infantry Armor Level 1  
  95  7:54  Armory  
  95  7:55  Marauder x2  
  95  7:57  Supply Depot  
  95  7:58  Supply Depot, Marine x4  
  102  7:59  SCV  
  102  8:00  Supply Depot  
  104  8:09  Marine  
  103  8:13  SCV x2  
  103  8:16  Marine x2  
  103  8:17  Marauder  
  109  8:25  Command Center, SCV  
  105  8:27  Marauder, Marine x3  
  105  8:28  SCV  
  105  8:33  Marine  
  112  8:38  Marauder  
  105  8:49  Marauder  
  105  8:50  Marine  
  103  9:09  Missile Turret  
  103  9:10  SCV  
  103  9:11  Missile Turret  
  103  9:12  Supply Depot x4  
  103  9:17  Marine  
  103  9:18  Marauder, SCV  
  103  9:19  Terran Vehicle Weapons Level 1  
  103  9:21  Barracks Reactor  
  103  9:22  Engineering Bay, SCV  
  108  9:25  Marine  
  108  9:30  SCV  
  110  9:38  Marine x2  
  110  9:39  Marauder  
  110  9:40  Marine  
  110  9:41  Marine  
  109  9:52  Marine  
  99  9:56  Marine  
  99  9:59  Marauder, SCV  
  101  10:00  Marauder  
  101  10:02  Orbital Command  
  98  10:20  Marauder, Marine x4  
  98  10:21  Marauder, Marine  
  105  10:22  Medivac x2  
  111  10:38  Marine x3  
  111  10:39  SCV x3  
  111  10:41  Orbital Command  
  111  10:42  Marauder  
  116  10:43  Marauder  
  116  10:47  Marine  
  119  10:51  SCV x2  
  119  10:52  Medivac x2  
  125  10:59  Refinery  
  125  11:00  Refinery  
  125  11:02  Starport, Marine x4  
  125  11:03  Marauder  
  131  11:04  Marauder  
  133  11:16  Terran Infantry Weapons Level 2  
  133  11:17  Terran Infantry Armor Level 2  
  133  11:25  Marauder  
  135  11:26  Marauder  
  135  11:29  Marine x2  
  135  11:32  Marine x2  
  141  11:36  Marine, SCV x2  
  141  11:37  SCV  
  137  11:46  Marauder  
  131  11:47  Marauder  
  131  11:54  Marine, SCV x3  
  131  11:58  Refinery  
  131  11:59  Refinery  
  132  12:02  Marine  
  132  12:06  Marine, Barracks  
  132  12:07  Marauder  
  132  12:08  Marauder, Barracks  
  138  12:11  Barracks  
  138  12:19  Marine  
  138  12:20  SCV  
  138  12:22  SCV x2  
  142  12:28  Marine  
  142  12:29  Marauder  
  147  12:30  Marauder  
  147  12:32  SCV  
  147  12:34  SCV  
  149  12:50  Marauder  
  152  12:51  Marauder  
  152  12:56  Barracks  
  139  13:02  Marine  
  139  13:03  Marine x4  
  139  13:04  Medivac x2  
  144  13:11  Marauder  
  141  13:13  Marauder  
  139  13:26  Marine  
  133  13:44  Barracks Tech Lab, Barracks Reactor x2  
Show
View Real Time Build Order
Export as new Build Order

Octophobia Zerg 

Build Orders: Pool First 

Get SALT Encoding   

  12  0:02  Drone  
  13  0:14  Overlord  
  13  0:19  Drone  
  14  0:32  Drone  
  14  0:33  Drone  
  16  0:39  Drone  
  17  0:47  Spawning Pool  
  16  0:50  Drone  
  17  0:59  Drone  
  19  1:18  Drone  
  19  1:24  Hatchery  
  18  1:30  Drone x2  
  18  1:32  Extractor  
  19  1:42  Drone  
  20  1:53  Overlord  
  20  2:02  Zergling x2  
  21  2:11  Queen  
  21  2:13  Drone  
  24  2:24  Zergling x2  
  25  2:35  Drone  
  25  2:36  Queen  
  28  2:38  Metabolic Boost  
  28  2:40  Drone  
  29  2:45  Drone  
  30  2:53  Overlord  
  30  3:05  Drone x2  
  32  3:08  Drone  
  33  3:13  Drone  
  34  3:24  Drone x2  
  34  3:25  Drone x3  
  39  3:39  Overlord  
  39  3:42  Drone x2  
  39  3:46  Drone, Extractor  
  39  3:47  Lair  
  41  3:52  Roach Warren  
  41  3:54  Drone x4, Evolution Chamber  
  43  3:57  Evolution Chamber, Drone  
  43  3:58  Drone x2  
  45  4:03  Drone  
  46  4:20  Zerg Missile Weapons Level 1  
  46  4:23  Drone x2  
  46  4:24  Drone x3  
  50  4:26  Overlord x3  
  50  4:27  Extractor x2  
  49  4:34  Zerg Ground Armor Level 1  
  49  4:40  Drone  
  49  4:41  Overlord  
  50  4:51  Glial Reconstitution  
  50  4:53  Overlord x3  
  50  4:54  Overlord x2  
  50  4:58  Drone  
  50  5:13  Hatchery  
  49  5:15  Roach  
  49  5:16  Roach x3  
  49  5:17  Roach  
  59  5:21  Spore Crawler  
  59  5:22  Drone  
  59  5:23  Drone  
  59  5:28  Roach x2  
  64  5:30  Roach  
  64  5:33  Roach  
  68  5:36  Roach  
  68  5:40  Roach  
  68  5:41  Roach  
  74  5:44  Roach  
  74  5:49  Roach  
  78  5:51  Ravager  
  78  5:52  Ravager x3  
  78  5:54  Roach  
  78  5:56  Roach  
  86  6:03  Roach  
  86  6:04  Roach  
  90  6:06  Overseer  
  90  6:12  Zergling x4  
  90  6:13  Zergling x6  
  90  6:14  Zergling x2  
  96  6:19  Roach x2  
  101  6:29  Roach x2  
  105  6:38  Roach x3  
  105  6:39  Overlord  
  110  6:41  Roach x2  
  110  6:46  Roach  
  116  6:48  Pneumatized Carapace  
  115  7:03  Roach x4  
  119  7:25  Drone  
  118  7:30  Roach  
  118  7:31  Roach x4  
  118  7:34  Zerg Missile Weapons Level 2  
  118  7:35  Zerg Ground Armor Level 2  
  128  7:41  Hatchery, Roach x2  
  127  8:10  Roach x2  
  131  8:14  Ravager  
  132  8:32  Roach x2  
  132  8:33  Roach x3  
  130  8:42  Ravager x2  
  130  8:44  Roach  
  130  8:45  Overlord x5  
  122  8:59  Spine Crawler  
  122  9:01  Roach  
  122  9:02  Roach x5  
  132  9:07  Spine Crawler  
  129  9:10  Spine Crawler  
  129  9:12  Spine Crawler  
  129  9:15  Roach  
  129  9:16  Roach x4  
  137  9:24  Roach  
  90  9:35  Extractor  
  90  9:37  Extractor  
  88  9:45  Queen  
  88  9:46  Drone x2  
  88  9:47  Drone  
  88  9:48  Drone x3  
  88  9:49  Drone x2  
  98  9:54  Ravager x3  
  98  9:55  Ravager x2  
  98  9:56  Roach  
  105  10:10  Roach  
  105  10:11  Roach x4  
  105  10:12  Roach  
  117  10:45  Roach x12  
  141  10:51  Drone, Spire  
  141  10:53  Drone  
  121  11:14  Drone x2  
  121  11:15  Drone x4  
  127  11:20  Drone x2  
  127  11:22  Hatchery  
  128  11:54  Drone x2  
  128  11:55  Drone x6  
  128  11:56  Drone x5  
  128  11:57  Drone x6  
  128  11:59  Overlord  
  147  12:06  Overlord  
  147  12:11  Mutalisk x2  
  151  12:20  Extractor  
  151  12:21  Mutalisk x4, Extractor  
  157  12:23  Mutalisk  
  157  12:26  Mutalisk  
  157  12:28  Mutalisk  
  163  12:31  Mutalisk  
  163  12:33  Mutalisk  
  167  12:39  Queen  
  167  12:40  Mutalisk  
  171  12:45  Mutalisk x2  
  130  13:00  Mutalisk  
  130  13:01  Mutalisk x6  
  156  13:27  Hatchery  
Tags
 
Add a new tag
Caveats
  • Supply blocks, unpowered buildings, or Contaminate may cause inaccurate times.
  • Supply counts are checked every 10 seconds.